 Dungeon Crawl Stone Soup version 0.21.1-1-g345015f (webtiles) character file.

89 SteelSafe the Insei (level 4, -2/41 HPs)
             Began as a Gnoll Monk on Mar 31, 2018.
             Slain by a gnoll
             ... wielding a +0 spear
              (6 damage)
             ... on level 2 of the Dungeon.
             The game lasted 00:01:17 (1162 turns).

SteelSafe the Insei (Gnoll Monk)                    Turns: 1162, Time: 00:01:17

Health: -2/41      AC:  3    Str: 15    XL:     4   Next: 55%
Magic:  5/5        EV: 16    Int: 12    God:
Gold:   65         SH:  0    Dex: 17    Spells: 5/5 levels left

rFire    . . .     SeeInvis .     - Unarmed
rCold    . . .     Gourm    .   (no shield)
rNeg     . . .     Faith    .   a - +0 robe
rPois    .         Spirit   .   (no helmet)
rElec    .         Reflect  .   (no cloak)
rCorr    .         Harm     .   i - +0 pair of gloves
MR       .....                  (no boots)
Stlth    +++.......             (no amulet)
HPRegen  0.13/turn              (no ring)
MPRegen  0.09/turn              (no ring)

@: no status effects
A: distributed training, fangs 1, strong nose
a: no special abilities


You were on level 2 of the Dungeon.
You were not hungry.

You visited 1 branch of the dungeon, and saw 2 of its levels.

You collected 65 gold pieces.

Inventory:

Armour
 a - a +0 robe (worn)
 i - a +0 pair of gloves (worn)
Scrolls
 d - 3 scrolls of identify {unknown}
 e - a scroll of fog {unknown}
 h - 2 scrolls of remove curse {unknown}
 l - 2 scrolls of amnesia {unknown}
 n - a scroll of fear {unknown}
Potions
 c - 2 potions of curing {unknown}
 f - a potion of agility {unknown}
 g - 2 potions of cancellation {unknown}
 j - a potion of ambrosia {unknown}
 k - a potion of mutation {unknown}
Comestibles
 b - 3 rations
 m - 2 chunks of flesh


   Skills:
 + Level 6.6 Fighting
 + Level 1.1 Short Blades
 + Level 1.1 Long Blades
 + Level 1.1 Axes
 + Level 1.1 Maces & Flails
 + Level 1.1 Polearms
 + Level 1.1 Staves
 + Level 1.1 Slings
 + Level 1.1 Bows
 + Level 1.1 Crossbows
 + Level 1.1 Throwing
 + Level 1.1 Armour
 + Level 6.6 Dodging
 + Level 4.2 Stealth
 + Level 1.1 Shields
 + Level 6.6 Unarmed Combat
 + Level 1.1 Spellcasting
 + Level 0.9 Conjurations
 + Level 0.9 Hexes
 + Level 0.9 Charms
 + Level 0.9 Summonings
 + Level 0.9 Necromancy
 + Level 0.9 Translocations
 + Level 0.9 Transmutations
 + Level 0.9 Fire Magic
 + Level 0.9 Ice Magic
 + Level 0.9 Air Magic
 + Level 0.9 Earth Magic
 + Level 0.9 Poison Magic
 + Level 1.2 Invocations
 + Level 1.1 Evocations


You had 5 spell levels left.
You didn't know any spells.

Dungeon Overview and Level Annotations

Branches:
Dungeon (2/15)

Altars:


Innate Abilities, Weirdness & Mutations

Your experience applies equally to all skills.
You have very sharp teeth.
Your uncanny sense of smell can sniff out nearby items.


Message History

You hit the gnoll but do no damage.
The gnoll is almost dead.
The gnoll closely misses you.
The gnoll hits you from afar with a spear.
* * * LOW HITPOINT WARNING * * *
You hit the gnoll.
You kill the gnoll!
The gnoll closely misses you.
Things that are here:
a halberd; a gnoll corpse You hit the gnoll.
The gnoll is heavily wounded.
The gnoll misses you.
You closely miss the gnoll.
The gnoll is heavily wounded.
The gnoll misses you.
You hit the gnoll.
The gnoll is severely wounded.
The gnoll hits you with a spear.
You die...

### ..# #.# #.#
#.# #g# #@# #)#
#.# #.#
...###.##########
###
..................
....
..............###
...
###########.#.#
#.. #.#.## #..


You could see a gnoll.

Vanquished Creatures
  Terence (D:2)
  3 gnolls (D:2)
  An ooze (D:1)
  A dart slug (D:1)
  A worm (D:2)
  2 bats
  2 giant cockroaches (D:1)
  3 hobgoblins
  2 kobolds
  A quokka (D:2)
  A ball python (D:1)
  A frilled lizard (D:1)
  5 goblins (D:1)
  4 rats (D:1)
28 creatures vanquished.

Notes
Turn   | Place    | Note
-------+----------+-------------------------------------------
     0 | D:1      | SteelSafe the Gnoll Monk began the quest for the Orb.
     0 | D:1      | Reached XP level 1. HP: 23/23 MP: 1/1
   146 | D:1      | Reached XP level 2. HP: 29/29 MP: 2/2
   441 | D:1      | Reached XP level 3. HP: 35/35 MP: 3/3
   900 | D:2      | Noticed Terence
   911 | D:2      | Killed Terence
   911 | D:2      | Reached skill level 1 in Short Blades
   911 | D:2      | Reached skill level 1 in Long Blades
   911 | D:2      | Reached skill level 1 in Axes
   911 | D:2      | Reached skill level 1 in Maces & Flails
   911 | D:2      | Reached skill level 1 in Polearms
   911 | D:2      | Reached skill level 1 in Staves
   911 | D:2      | Reached skill level 1 in Slings
   911 | D:2      | Reached skill level 1 in Bows
   911 | D:2      | Reached skill level 1 in Crossbows
   911 | D:2      | Reached skill level 1 in Throwing
   911 | D:2      | Reached skill level 1 in Armour
   911 | D:2      | Reached skill level 1 in Shields
   911 | D:2      | Reached skill level 1 in Spellcasting
   911 | D:2      | Reached skill level 1 in Invocations
   911 | D:2      | Reached skill level 1 in Evocations
   934 | D:2      | Reached XP level 4. HP: 22/41 MP: 5/5
  1162 | D:2      | Slain by a gnoll

Skill      XL: |  1  2  3 |
---------------+----------+-----
Short Blades   | 1 |  1.1
Long Blades    | 1 |  1.1
Axes           | 1 |  1.1
Maces & Flails | 1 |  1.1
Polearms       | 1 |  1.1
Staves         | 1 |  1.1
Slings         | 1 |  1.1
Bows           | 1 |  1.1
Crossbows      | 1 |  1.1
Throwing       | 1 |  1.1
Armour         | 1 |  1.1
Shields        | 1 |  1.1
Spellcasting   | 1 |  1.1
Invocations    | 1 |  1.2
Evocations     | 1 |  1.1
Fighting       | |  6.6
Dodging        | |  6.6
Stealth        | |  4.2
Unarmed Combat | |  6.6
Conjurations   | |  0.9
Hexes          | |  0.9
Charms         | |  0.9
Summonings     | |  0.9
Necromancy     | |  0.9
Translocations | |  0.9
Transmutations | |  0.9
Fire Magic     | |  0.9
Ice Magic      | |  0.9
Air Magic      | |  0.9
Earth Magic    | |  0.9
Poison Magic   | |  0.9

Action                   |  1- 3 |  4- 6 || total
-------------------------+-------+-------++-------
Melee: Unarmed           |    50 |    23 ||    73
       Bite              |     4 |     3 ||     7
 Stab: Sleeping          |     6 |       ||     6
  Eat: Chunk             |       |     1 ||     1
Armor: Robe              |     3 |       ||     3
Dodge: Dodged            |    20 |    24 ||    44
